Cogmind - Beta 13 @@@ ROGUE MODE // 2024.07.07 @ 02:33:19 Player: Duduxx Result: Destroyed by G-34 Mercenary with Small Laser Performance ------------- Evolutions (0) 0 Regions Visited (1) 200 Robots Destroyed (11) 55 Value Destroyed (254) 254 Prototype IDs (2) 40 Alien Tech Used (0) 0 Bonus (0) 0 TOTAL SCORE: 549 Bonus ------- None Cogmind --------- Core Integrity 0/250 Matter 211/300 Energy 124/125 System Corruption 0% Temperature Cool (6) Movement Walking (120) Location -10/Materials Parts ------- > --- POWER (1) -------- Light Ion Engine > --- PROPULSION (2) --- Aluminum Leg Aluminum Leg > --- UTILITY (2) ------ Medium Storage Unit > --- WEAPON (2) ------- Assault Rifle > --- INVENTORY (10) --- Light Ion Engine Light Treads Light Treads High-capacity Matter Pod (0) Sensor Array Grenade Launcher Grenade Launcher Peak State ------------ > --- POWER ------------ Ion Engine > --- PROPULSION ------- Aluminum Leg Aluminum Leg > --- UTILITY ---------- Small Storage Unit Structural Scanner > --- WEAPON ----------- Medium Laser Assault Rifle > --- INVENTORY -------- Light Ion Engine Light Treads Light Treads Assault Rifle Grenade Launcher [Rating: 7] Favorites ----------- Power Ion Engine Engine Ion Engine Propulsion Aluminum Leg Leg Aluminum Leg Utility Structural Scanner Device Structural Scanner Storage Medium Storage Unit Weapon Assault Rifle Energy Gun Medium Laser Ballistic Gun Assault Rifle Build | -11 -10 ------- Run | Yrd Mat Slots Evolved . | . . Power . | . . Propulsion . | . . Utility . | . . Weapon . | . . Parts Attached 10 | 6 4 Power 2 | 1 1 Engine 2 | 1 1 Core . | . . Reactor . | . . Propulsion 2 | 2 . Treads . | . . Leg 2 | 2 . Wheel . | . . Hover . | . . Flight . | . . Utility 3 | 1 2 Device 1 | . 1 Storage 2 | 1 1 Processor . | . . Hackware . | . . Protection . | . . Artifact . | . . Weapon 3 | 2 1 Energy Gun 1 | 1 . Energy Cannon . | . . Ballistic Gun 2 | 1 1 Ballistic Cannon . | . . Launcher . | . . Special Weapon . | . . Impact Weapon . | . . Slashing Weapon . | . . Piercing Weapon . | . . Special Melee Weapon . | . . Unidentified Prototypes . | . . Parts Lost 2 | . 2 Power . | . . Propulsion . | . . Utility . | . . Weapon 2 | . 2 Highest Loss Streak 2 | . 2 To Critical Strikes . | . . Average Slot Usage (%) 97 | . 97 Engine 13 | . 13 Leg 28 | . 28 Device 12 | . 12 Storage 14 | . 14 Energy Gun 13 | . 13 Ballistic Gun 14 | . 14 Naked Turns . | . . Heaviest Build 20 | 14 20 Greatest Support 20 | 20 20 Greatest Overweight (x) 3 | 3 . Average Overweight (x) . | . . Largest Inventory Capacity 10 | 8 10 Average Capacity 8 | 7 9 Most Carried 9 | 4 9 Average Carried 6 | 2 7 Final Capacity 10 | 8 10 Final Carried 7 | 4 7 Class Distribution -------------------- 100% | Mutant Dominant Class ---------------- Mutant | -10/Materials Resources | -11 -10 ----------- Run | Yrd Mat Matter Collected 307 | 141 166 Remotely . | . . Salvage Created 297 | . 297 Parts 26 | . 26 Haulers Intercepted . | . . Recyclers Shooed 1 | . 1 Parts Field Recycled . | . . Retrieved Matter . | . . Parts Self-Destructed . | . . Prevented . | . . Kills | -11 -10 ------- Run | Yrd Mat Combat Hostiles Destroyed 9 | . 9 Guns 8 | . 8 AOE 1 | . 1 Classes Destroyed 4 | . 4 Builder 1 | . 1 Watcher 1 | . 1 Swarmer 4 | . 4 Grunt 5 | . 5 Best Kill Streak 5 | . 5 Combat Bots Only 5 | . 5 Max Kills in Single Turn 2 | . 2 Gunslinging . | . . Exploded 1 | . 1 Melee . | . . Uniques/NPCs Destroyed . | . . Combat | -11 -10 -------- Run | Yrd Mat Hostile Shots Fired 72 | . 72 Missed 17 | . 17 Damage Taken 678 | . 678 Core 260 | . 260 Absorbed by Shields . | . . Regen/Repaired (Parts) 19 | . 19 Core Remaining (%) 100 | 100 . Volleys Fired 37 | . 37 Largest 2 | . 2 Hottest 70 | . 70 Shots Fired 70 | . 70 Gun 70 | . 70 Cannon . | . . Launcher . | . . Special . | . . Kinetic 39 | . 39 Thermal 31 | . 31 Explosive . | . . Electromagnetic . | . . Robot Hit Streak 7 | . 7 Robot Miss Streak 5 | . 5 Penetration Max . | . . Secondary Targets . | . . Shots Hit Robots 43 | . 43 Core Hits 17 | . 17 Critical Kills . | . . Critical Parts Destroyed . | . . Critical Strikes 2 | . 2 Burn 2 | . 2 Melee Attacks . | . . Impact . | . . Slashing . | . . Piercing . | . . Sneak Attacks . | . . Combat Hostiles . | . . Follow-up Attacks . | . . Damage Inflicted 715 | . 715 Guns 538 | . 538 Cannons . | . . Explosions 166 | . 166 Melee . | . . Ramming 11 | . 11 Kinetic 314 | . 314 Thermal 390 | . 390 Explosive . | . . Electromagnetic . | . . Impact . | . . Slashing . | . . Piercing . | . . Highest Corruption . | . . Average Corruption . | . . Corruption Purged . | . . Corruption Blocked . | . . Overload Shots . | . . Overflow Damage 70 | . 70 Projectiles . | . . Explosions 70 | . 70 Melee . | . . Knockbacks . | . . Impact . | . . Kinetic . | . . Secondary . | . . Self-Inflicted Damage 114 | . 114 Shots 1 | . 1 Rammed . | . . Targets Rammed 3 | . 3 Kicked 3 | . 3 Crushed . | . . Highest Temperature 165 | . 165 Average Temperature 58 | . 58 Received Heat Transfer 207 | . 207 Siege Activations . | . . Robots Corrupted . | . . Combat Hostiles . | . . Parts Fried . | . . Impact Corruptions . | . . Robots Melted . | . . Combat Hostiles . | . . Parts Melted 1 | . 1 Heat Transferred 914 | . 914 Parts Sabotaged . | . . Parts Stolen . | . . Parts Stripped . | . . Power Chain Reactions . | . . Alert | -11 -10 ------- Run | Yrd Mat Peak Influence 329 | . 329 Initial . | . . Average 130 | . 150 Maximum Alert Level 1 | . 1 Low Security (%) 60 | 100 53 Level 1 40 | . 46 Level 2 . | . . Level 3 . | . . Level 4 . | . . Level 5 . | . . High Security . | . . Max Security . | . . Squads Dispatched 3 | . 3 Investigation 2 | . 2 Extermination . | . . Reinforcement 1 | . 1 Assault . | . . Garrison . | . . Intercept . | . . Searches Triggered . | . . Construction Impeded . | . . Haulers Reinforced . | . . Active Scanning Responses . | . . Cargo Convoy Interrupts . | . . Stealth | -11 -10 --------- Run | Yrd Mat Distress Signals 1 | . 1 Communications Jammed . | . . Distress Signals . | . . Times Spotted 17 | . 17 Peak Tracking Total 5 | . 5 Tactical Retreats 2 | . 2 Traps | -11 -10 ------- Run | Yrd Mat Traps Triggered . | . . Indirectly . | . . Trap Hack Attempts . | . . Triggered . | . . Disarmed . | . . Reprogrammed . | . . Reused . | . . Traps Extracted . | . . Installed . | . . Triggered . | . . Machines | -11 -10 ---------- Run | Yrd Mat Machines Disabled 1 | . 1 Max in Single Turn 1 | . 1 Machines Repaired . | . . Machines Dismantled . | . . Machines Sabotaged . | . . Overloaded Fab Kills . | . . Hacking | -11 -10 --------- Run | Yrd Mat Machines Accessed 4 | . 4 Terminals 2 | . 2 Fabricators . | . . Repair Stations 1 | . 1 Recycling Units 1 | . 1 Scanalyzers . | . . Garrison Access . | . . Total Hacks 11 | . 11 Successful 5 | . 5 Failed 6 | . 6 Catastrophic . | . . Database Lockouts . | . . Manual . | . . Terminals 5 | . 5 Fabricators . | . . Repair Stations 3 | . 3 Recycling Units 3 | . 3 Scanalyzers . | . . Garrison Access . | . . Terminal Hacks 1 | . 1 Prototype ID Bank 1 | . 1 Fabricator Hacks . | . . Repair Station Hacks 2 | . 2 Scan Component 1 | . 1 Repair 1 | . 1 Recycling Unit Hacks 2 | . 2 Report Inventory 1 | . 1 Retrieve Components 1 | . 1 Scanalyzer . | . . Garrison Access Hacks . | . . Unauthorized Hacks . | . . Terminals . | . . Fabricators . | . . Repair Stations . | . . Recycling Units . | . . Scanalyzers . | . . Garrison Access . | . . Data Cores Recovered . | . . Used . | . . Hacking Detections 4 | . 4 Full Trace Events 4 | . 4 Feedback Events . | . . Feedback Blocked . | . . Robot Schematics Acquired . | . . Robots Built . | . . Authchips . | . . Time . | . . Total Robot Build Rating . | . . Part Schematics Acquired . | . . Parts Built . | . . Authchips . | . . Time . | . . Total Part Build Rating . | . . Parts Repaired 1 | . 1 Time 26 | . 26 Parts Recycled . | . . Recycled Matter . | . . Retrieved Matter . | . . Retrieved Components 2 | . 2 Parts Scanalyzed . | . . Part Schematics Acquired . | . . Parts Damaged . | . . Bothacking | -11 -10 ------------ Run | Yrd Mat Used RIF Installer . | . . Robots Hacked . | . . Non-combat . | . . Combat . | . . Robot Hacks Applied . | . . Relay Couplers Released . | . . Fabnet Peak Effective % . | . . Robots Rewired . | . . Allies Hacked . | . . Hacks Repelled . | . . Allies | -11 -10 -------- Run | Yrd Mat Total Allies . | . . Largest Group . | . . Highest-Rated Group . | . . Highest-Rated Ally . | . . Total Orders . | . . Ally Attacks . | . . Total Damage . | . . Kills . | . . Allies Corrupted . | . . Allies Melted . | . . Intel | -11 -10 ------- Run | Yrd Mat Robot Analysis Total . | . . Derelict Logs Recovered . | . . Drone Launches . | . . Drone Recoveries . | . . Exploration | -11 -10 ------------- Run | Yrd Mat Turns Passed 430 | 59 371 Spaces Moved 240 | 40 200 Core 10 | 10 . Treads . | . . Legs 230 | 30 200 Wheels . | . . Hover . | . . Flight . | . . Fastest Speed 50 | 50 120 Average Speed 119 | 115 120 Slowest Speed 200 | 200 120 Overloaded Moves . | . . Propulsion Burnouts . | . . Robots Hopped . | . . Cave-ins Triggered . | . . Exploration Rate (%) 28 | 3 54 Regions Visited 1 Branch Regions . Pre-discovered Areas . | . . Known Exits Taken . | . . Unknown Exits Taken 1 | 1 . Scrap Searched . | . . Spaces Dug . | . . Terrain Destroyed 26 | . 26 Melee . | . . Projectile . | . . AOE 26 | . 26 Terrain Rammed . | . . Walls Destroyed . | . . Machines Disabled . | . . Actions | -11 -10 --------- Run | Yrd Mat Total 312 | 50 262 Wait 9 | . 9 Move 239 | 39 200 Hop . | . . Pick Up 10 | 5 5 Fast Attach 7 | 5 2 Attach 2 | 1 1 Detach 1 | . 1 Swap 1 | . 1 Drop 3 | . 3 Fire 37 | . 37 Melee . | . . Ram . | . . Kick 3 | . 3 Crush . | . . Escape Stasis . | . . Rewire . | . . Trap . | . . Miscellaneous . | . . Route ------- -11/Scrapyard -10/Materials History --------- Turn | Location | Event 14 | -11/Scrapyard | Discovered new exit (range 16) 60 | -11/Scrapyard | Entered Materials 184 | -10/Materials | Core integrity fell below 50% 272 | -10/Materials | Core integrity fell below 20% 313 | -10/Materials | Build established: Mutant 428 | -10/Materials | Repaired Structural Scanner 431 | -10/Materials | Destroyed by G-34 Mercenary with Small Laser Last Messages --------------- Imp. Medium Laser 00384_ ALERT: Suspicious activity at Terminal M004. Dispatching Investigation squad. 00402_ Connecting with Repair Station... >>Scan(Structural Scanner) Scanning Structural Scanner... Ready to Repair: Structural Scanner Rating: 1 Time: 26 >>Repair Repairing Structural Scanner... ETC: 26 00417_ Med. Laser destroyed. 00422_ G-34 Mercenary destroyed. 00423_ Assault Rifle destroyed. 00427_ ALERT: Hostiles spotted, dispatching reinforcements to Terminal M003. 00428_ Repair station completes Structural Scanner repairs. Map ----- +----------------------------------------------------+ | ???????????????? | | "" """" ?????????????????? | | "" """" ##### ????????????? | | "" """" #########????????????? | | # ##????????????? | | + """ ##????????????? | | # """ ##????????????? | | ## # """ #########?????? | | # ### #########?????? | | # ### # """ ##?????? | | # ########+# "Y" ##?????? | | # ######## # ##?????? | | # + ##?????? | | ###+############ # ##?????? | | ###### # ##?????? | | ???""?????????## #########?????? | | ???""???? ###### #########?????? | | ????????? ######/####??????????? | | ????????? # ##??????????? | | ?????????## "" ##??????????? | | ????????? # T" ############? | | ????????? # "" ############? | | ????????? + # ##? | | ????????? # """ [+ """ ##? | | ????????? # """ # """ ##? | | ?????????## """ # """ @ ##? | | ?????????## + =% "!" ##? | | ?????????#########+# g a"R" ##? | | ????????? ## # """ ##? | | ????????????????## # ##? | | ????????????????## #####+######? | | ????????????????## ### ####? | | ????????????????# ?? ??????? | | ?????????????????? ??? ??????? | | ?????????????????? ? ??????? | | ?????????????????? ##? ???????? | | ?????????????????? ##?#????????? | | ?????????????????? ????????????? | | ?????????????????? ????????????? | | ???????????????????????????????? | | ???????????????????????????????? | | ???????????????????????????????? | | ???????????????????????????????? | | ???????????????????????????????? | | ???????????????????????????????? | | ???????????????????????????????? | | ???????????????????????????????? | | ???????????????????????????????? | | ???????????????????????????????? | | ???????????????????????????????? | +----------------------------------------------------+ Best States ------------- Heat Dissipation 25 Energy Generation 10 Energy Capacity 250 Matter Stores 241 Matter Capacity 300 Sight Range 16 Terrain Scan Density 10 Evasion (%) 55 Item Schematics ----------------- None Robot Schematics ------------------ None Fabricated ------------ Nothing Alien Tech Used ----------------- None Achievements -------------- None Challenges ------------ None Game ------ Seed ScanSigixGuard Manual? 0 Play Time 00:06:34 Cumulative 24.3 hours Start 2024.07.07 @ 02:29:51 End 2024.07.07 @ 02:33:19 Sessions 1 Manual Loads 0 Difficulty Rogue Special Mode None Game No. 55 Rogue 55 Adventurer 0 Explorer 0 Win Type - Total 0 Types 0/0/0/0/0/0/0/0/0 Lore% 22 Gallery% 28 Achievement% 20 Wizard Run 0 Options --------- Layout 1 ASCII 0 Keyboard 1 Movement Arrows Keybinds 0 Fullscreen 1 Font 24/Smallcaps Map View 50x35 Zoom Use 0% Tactical HUD 1 Map Filters NONE Filters NONE Steam 1 RUN: fa44791f-4286-4639-8d57-d72017ee3968